 Dungeon Crawl Stone Soup version 0.16-a0-223-g37887f7 (webtiles) character file.

305 MDvedh the Ruinous (level 6, 0/32 HPs)
             Began as a Deep Elf Conjurer on Aug 20, 2014.
             Slain by a gnoll
             ... wielding a +1 flail of protection
              (11 damage)
             ... on Level 4 of the Dungeon.
             The game lasted 00:05:11 (3288 turns).

MDvedh the Ruinous (Deep Elf Conjurer)              Turns: 3288, Time: 00:05:11

HP   0/32        AC  4     Str  5      XL: 6   Next: 16%
MP  13/20        EV 13     Int 22      God:
Gold 147         SH  0     Dex 15      Spells:  3 memorised,  6 levels left

rFire  . . .     SeeInvis .     (no weapon)
rCold  . . .     Clarity  .     a - +0 robe
rNeg   . . .     rCorr    .     (no shield)
rPois  .         rRot     .     (no helmet)
rElec  .         Spirit   .     d - +1 cloak
SustAb .         Warding  .     (no gloves)
rMut   .         Stasis   .     (no boots)
Gourm  .                        (no amulet)
MR     .....                    (no ring)
                                l - ring of regeneration

@: not resistant to hostile enchantments, unstealthy
A: no striking features
a: no special abilities


You were on level 4 of the Dungeon.
You were not hungry.

You visited 1 branch of the dungeon, and saw 4 of its levels.

You collected 147 gold pieces.

Inventory:

Armour
 a - a +0 robe (worn)
 d - a +1 cloak (worn)
Magical devices
 s - a wand of magic darts (10)
Comestibles
 b - 3 bread rations
 f - 2 meat rations
 i - 2 slices of pizza
 k - 2 beef jerkies
 u - a royal jelly
 v - a rotting chunk of hobgoblin flesh
Scrolls
 e - a scroll of teleportation
 o - a scroll of remove curse
Jewellery
 l - a ring of regeneration (left hand)
Potions
 h - a potion of agility
Books
 c - a book of Conjurations

   Spells                             Type                      Level
   *Magic Dart                        Conjuration                  1
   *Searing Ray                       Conjuration                  2
   Dazzling Spray                     Conjuration/Hexes            3
   Fulminant Prism                    Conjuration/Hexes            4
   Iskenderun's Mystic Blast          Conjuration                  4
   *Iskenderun's Battlesphere         Conjuration/Charms           5
 j - a book of Power

   Spells                             Type                      Level
   Fulminant Prism                    Conjuration/Hexes            4
   Iskenderun's Mystic Blast          Conjuration                  4
   Venom Bolt                         Conjuration/Poison           5
   Bolt of Magma                      Conjuration/Fire/Earth       5
   Iron Shot                          Conjuration/Earth            6
   Orb of Destruction                 Conjuration                  7


   Skills:
 - Level 2.4 Dodging
 - Level 2.4 Stealth
 - Level 4.6 Spellcasting
 + Level 7.6 Conjurations
 + Level 0.0 Charms


You had 6 spell levels left.
You knew the following spells:

 Your Spells              Type           Power        Failure   Level  Hunger
a - Magic Dart            Conj           ####         1%          1    None
b - Searing Ray           Conj           #####.       1%          2    None
c - Iskenderun's Battles  Conj/Chrm      ###.....     75%         5    #####..


Dungeon Overview and Level Annotations

Branches:
Dungeon (4/15)
 Temple: D:4-7

Altars:
Ashenzari


Message History

The magic dart hits the gnoll.
The gnoll is heavily wounded.
The gnoll misses you.
Casting: Magic Dart
Confirm with . or Enter, or press ? or * to list all spells.
Aiming: Magic Dart
Press: ? - help, Shift-Dir - straight line, f/p - gnoll
Aim: a gnoll, wielding a glowing flail (heavily wounded)
The magic dart hits the gnoll.
The gnoll is heavily wounded.
The gnoll hits you with a glowing flail!
Casting: Magic Dart
Confirm with . or Enter, or press ? or * to list all spells.
Aiming: Magic Dart
Press: ? - help, Shift-Dir - straight line, f/p - gnoll
Aim: a gnoll, wielding a glowing flail (heavily wounded)
The magic dart hits the gnoll.
The gnoll is heavily wounded.
The gnoll hits you with a glowing flail!
You die...

.#.# #########.#
#.#.# #.........#
#.#.####.#########
#.#.#.##.######
#.#...........#
#.#.#.##.####.#
######.#.#.##.#.##.#
.......g#.#......##.#
....o...@...>#.#.##.#
.########.##.#.#)##.#
....##.#.#..#.#####
....................
#..###.)##..#######
#.......%.<........
...#.....%#.######
.#...#....#...
#......#.#..##


You could see a gnoll and an orc.

Vanquished Creatures
  A centaur (D:3)
  A hound (D:4)
  A worker ant (D:4)
  2 adders (D:2)
  9 gnolls
  An inept item mimic (D:3)
  A worm (D:2)
  2 giant geckos
  An orc (D:3)
  A ball python (D:2)
  12 goblins
  8 hobgoblins
  A quokka (D:2)
  6 bats
  2 giant cockroaches
  2 giant newts
  2 jackals (D:3)
  8 kobolds
  6 rats
67 creatures vanquished.

Notes
Turn   | Place    | Note
--------------------------------------------------------------
     0 | D:1      | MDvedh, the Deep Elf Conjurer, began the quest for the Orb.
     0 | D:1      | Reached XP level 1. HP: 10/10 MP: 5/5
   384 | D:1      | Reached XP level 2. HP: 15/15 MP: 4/8
   582 | D:1      | Learned a level 2 spell: Searing Ray
  1106 | D:2      | Found a shattered altar of Ashenzari.
  1197 | D:2      | Reached XP level 3. HP: 19/19 MP: 9/12
  1531 | D:2      | Reached skill level 5 in Conjurations
  1537 | D:2      | Reached XP level 4. HP: 24/24 MP: 6/15
  2074 | D:3      | Reached skill level 6 in Conjurations
  2322 | D:3      | Reached XP level 5. HP: 18/28 MP: 12/18
  2671 | D:3      | Noticed a centaur
  2679 | D:3      | Killed a centaur
  2679 | D:3      | Reached skill level 7 in Conjurations
  3152 | D:4      | Reached XP level 6. HP: 32/32 MP: 13/20
  3248 | D:4      | Learned a level 5 spell: Iskenderun's Battlesphere
  3288 | D:4      | Slain by a gnoll

Action                   |  1- 3 |  4- 6 || total
-------------------------+-------+-------++-------
 Cast: Magic Dart        |    66 |    86 ||   152
       Searing Ray       |       |     2 ||     2
Evoke: Wand              |       |     1 ||     1
  Use: Scroll            |       |    10 ||    10
  Eat: Chunk             |     1 |     6 ||     7
